 Dungeon Crawl Stone Soup version 0.19-a0-1608-g4cf22de (webtiles) character file.

1011 munkycheez the Skirmisher (level 8, -14/73 HPs)
             Began as a Minotaur Fighter on Sept 17, 2016.
             Splashed by Joseph's acid (15 damage)
             ... on level 7 of the Dungeon.
             The game lasted 00:16:04 (4041 turns).

munkycheez the Skirmisher (Minotaur Fighter)        Turns: 4041, Time: 00:16:06

Health: -14/73     AC:  5    Str: 22    XL:     8   Next: 1%
Magic:  0/7        EV: 11    Int:  5    God:
Gold:   122        SH: 11    Dex: 16    Spells: 0 memorised, 7 levels left

rFire  . . .     SeeInvis .     a - +0 long sword
rCold  . . .     Gourm    .     k - +0 chain mail
rNeg   . . .     Faith    .     c - +0 shield
rPois  .         Spirit   +     (helmet restricted)
rElec  .         Dismiss  .     (no cloak)
rCorr  .         Reflect  .     (no gloves)
MR     .....     Harm     .     (no boots)
Stlth  ..........               q - amulet of guardian spirit
                                (no ring)
                                (no ring)

@: agile, corroded, hasted, very quick
A: retaliatory headbutt, horns 2
a: no special abilities


You were on level 7 of the Dungeon.
You were hungry.

You visited 1 branch of the dungeon, and saw 5 of its levels.
You also visited: Sewer.

You collected 214 gold pieces.
You spent 92 gold pieces at shops.

Inventory:

Hand Weapons
 a - a +0 long sword (weapon)
Armour
 c - a +0 shield (worn)
 k - a +0 chain mail (worn)
 s - a +1 plate armour
Jewellery
 d - the amulet of Secrets {Spirit rElec rF+ Dex-2}
   (You found it on level 4 of the Dungeon)

   [amulet of guardian spirit]

   It causes incoming damage to be split between your health and magic.
   It affects your dexterity (-2).
   It protects you from fire.
   It insulates you from electricity.
 o - an uncursed amulet of the gourmand
 q - an amulet of guardian spirit (around neck)
Wands
 l - a wand of slowing (21/48)
 m - a wand of digging (19/24)
Scrolls
 h - 3 scrolls of teleportation
 j - a scroll of remove curse
 r - 3 scrolls of fear
 u - 2 scrolls of fog
 x - 2 scrolls of random uselessness
Potions
 e - 2 potions of ambrosia
 g - 2 potions of lignification
 i - a potion of magic
 p - a potion of agility
 t - 2 potions of flight
 z - a potion of curing
Comestibles
 b - a slice of pizza
 f - 5 bread rations
 n - 3 meat rations
 A - a royal jelly


   Skills:
 * Level 7.3 Fighting
 * Level 7.1 Long Blades
 + Level 5.3 Armour
 + Level 5.9 Shields


You had 7 spell levels left.
You didn't know any spells.

Dungeon Overview and Level Annotations

Branches:
Dungeon (4/15)
 Temple: D:4-7

Altars:
Ashenzari
Nemelex Xobeh
Okawaru
Ru
Sif Muna
Vehumet

Shops:
D:4 *

Annotations:
D:7 Joseph


Innate Abilities, Weirdness & Mutations

You reflexively headbutt those who attack you in melee.
You have a pair of horns on your head.


Message History

You barely miss the jackal. You block the jackal's attack.
The jackal bites you but does no damage.
You hit the jackal but do no damage.
The jackal bites you but does no damage.
You closely miss the jackal. The jackal barely misses you.
You riposte.
You hit the jackal but do no damage.
You headbutt the jackal, but do no damage.
Joseph zaps a wand.
The bolt of acid hits the jackal.
The acid corrodes the jackal!
The jackal dies!
The bolt of acid hits you!
The acid burns!
* * * LOW HITPOINT WARNING * * *
Unknown command.
You feel yourself speed up.
Joseph zaps a wand.
The bolt of acid hits the jackal.
The acid corrodes the jackal!
The jackal dies!
The bolt of acid hits you!
* * * LOW HITPOINT WARNING * * *
The acid corrodes you!
The acid burns!
You die...

#............#
.######..###.###.##.
.........# #.#
###.###.## #.#
#.###.####.###.#
...#...........#
#.#.##.###..##### #
.. ...###...######.#
.##
##....###.).@(@.# .
..#.# ######..# #.
..# # ..# ... .#..
..... .#!...


You could see Joseph.

Vanquished Creatures
  An ogre (D:4)
  A big kobold (Sewer)
  A gnoll sergeant (D:3)
  A scorpion (D:4)
  2 gnoll shamans (D:3)
  An orc wizard (D:7)
  2 worker ants (D:4)
  2 hound skeletons
  10 adders
  34 gnolls
  A river rat (Sewer)
  4 oozes
  3 worms
  4 dart slugs
  4 leopard geckos
  8 orcs
  7 giant cockroaches
  7 goblins
  8 hobgoblins
  22 jackals
  A quokka (D:4)
  3 ball pythons
  4 bats
  2 frilled lizards
  8 kobolds
  14 rats
155 creatures vanquished.

Vanquished Creatures (others)
  2 jackals (D:7)
2 creatures vanquished.

Grand Total: 157 creatures vanquished

Notes
Turn   | Place    | Note
-------+----------+-------------------------------------------
     0 | D:1      | munkycheez the Minotaur Fighter began the quest for the Orb.
     0 | D:1      | Reached XP level 1. HP: 19/19 MP: 0/0
   137 | D:1      | Found an iron altar of Okawaru.
   145 | D:1      | Reached XP level 2. HP: 27/27 MP: 1/1
   398 | D:1      | Reached XP level 3. HP: 18/33 MP: 2/2
   932 | D:2      | Found a radiant altar of Vehumet.
  1002 | D:2      | Found a sacrificial altar of Ru.
  1004 | D:2      | Found a shattered altar of Ashenzari.
  1216 | D:2      | Reached XP level 4. HP: 34/41 MP: 3/3
  1341 | D:2      | Found a deep blue altar of Sif Muna.
  1535 | D:3      | Found a glowing drain.
  1541 | Sewer    | Entered a sewer
  1597 | Sewer    | Reached skill level 5 in Fighting
  1693 | Sewer    | Reached XP level 5. HP: 44/48 MP: 4/4
  2282 | D:3      | Found a sparkling altar of Nemelex Xobeh.
  2366 | D:3      | Reached XP level 6. HP: 50/56 MP: 3/5
  2614 | D:3      | Reached skill level 5 in Shields
  2618 | D:3      | Reached skill level 5 in Long Blades
  3022 | D:3      | Reached XP level 7. HP: 35/64 MP: 3/6
  3354 | D:3      | Reached skill level 5 in Armour
  3610 | D:4      | Found Giceugh's Assorted Antiques.
  3627 | D:4      | Bought a scroll labeled REL BARUTUOKIBB for 32 gold pieces
  3627 | D:4      | Bought a ruby potion for 28 gold pieces
  3627 | D:4      | Bought a scroll labeled REL BARUTUOKIBB for 32 gold pieces
  3822 | D:4      | Got a sparkling crystal amulet
  3914 | D:4      | Identified the amulet of Secrets {Spirit rElec rF+ Dex-2} (You found it on level 4 of the Dungeon)
  3995 | D:4      | You fall through a shaft for 3 floors!
  4025 | D:7      | Reached XP level 8. HP: 71/73 MP: 7/7
  4028 | D:7      | Noticed Joseph
  4041 | D:7      | HP: 1/73 [Joseph/wand of acid (12)]
  4041 | D:7      | Splashed by Joseph's acid

Vault maps used:
D:1:      dpeg_arrival_oval, okawaru_ov_weapons_minmay
D:2:      nicolae_ru_awakened_eye, lemuel_blue_sif_altar, vehumet_crystals,
          nicolae_overflow_hidden_temple, minivault_24
D:3:      lemuel_castle_with_subvaults, lemuel_doored_altar,
          lightli_sewer_entry_pipes, first_bread
D:4:      serial_shops, nicolae_shop_overgrown_old_shop
D:7:      kennysheep_seaside_town, kennysheep_mini, enter_ossuary_3,
          grunt_tough_drop, uniq_joseph, uniq_pikel, uniq_duvessa
Sewer:    sewer_co_15_rooms

Skill      XL: |  1  2  3  4  5  6  7 |
---------------+----------------------+-----
Fighting       | 4 5 6 7 |  7.3
Long Blades    | 3 4 5 7 |  7.1
Shields        | 4 5 |  5.9
Armour         | 4 5 |  5.3

Action                   |  1- 3 |  4- 6 |  7- 9 || total
-------------------------+-------+-------+-------++-------
Melee: Long sword        |    97 |   234 |   132 ||   463
       Headbutt          |    17 |    42 |    30 ||    89
  Use: Potion            |     1 |     8 |     2 ||    11
       Scroll            |       |     7 |     6 ||    13
  Eat: Chunk             |     4 |     7 |     3 ||    14
Armor: Scale mail        |    22 |       |       ||    22
       Chain mail        |    19 |   149 |    50 ||   218
Dodge: Dodged            |    26 |    71 |    31 ||   128
Block: Shield            |    41 |   131 |    51 ||   223
